General information
- name: BNet
- type: Ladder team game (AT/RT)
- host: Battle.net
- saver: dontfukwme
map: GolemsInTheMist
- players: 8
- length: 20:57
- speed: Fast
- version: 1.27 W3XP
- replay type: Public
» download(144 KB)
Players
team 1 (loser)
McDic (
green | 59 APM | 1148 actions | 19:24)
3 Mountain King
2 Storm Bolt
1 Bash
3 Paladin
1 Holy Light
1 Divine Shield
1 Devotion Aura
» actions
| Assign group hotkey | 16 | |
| Basic commands | 40 | |
| Build / train | 98 | |
| Enter build submenu | 29 | |
| Enter hero's abilities submenu | 7 | |
| Remove unit from queue | 5 | |
| Right click | 237 | |
| Select / deselect | 339 | |
| Select group hotkey | 296 | |
| Use ability | 81 | |
1148 total
» units
| Peasant | 23 | |
| Wisp | 8 | |
| Rifleman | 11 | |
| Hippogryph | 1 | |
| Goblin Zeppelin | 1 | |
| Chimaera | 5 | |
| Mortar Team | 5 | |
| Flying Machine | 9 | |
63 total
» upgrades
| Gunpowder | 2 | |
| Armor | 2 | |
| Long Rifles | 1 | |
| Nature's Blessing | 1 | |
| Well Spring | 1 | |
| Masonry | 1 | |
8 total
» buildings
| Altar of Kings | 1 | |
| Altar of Elders | 1 | |
| Farm | 11 | |
| Blacksmith | 1 | |
| Barracks | 1 | |
| Tree of Ages | 2 | |
| Hunter's Hall | 1 | |
| Moon Well | 3 | |
| Lumber Mill | 1 | |
| Ancient of Wind | 1 | |
| Keep | 1 | |
| Tree of Eternity | 1 | |
| Chimaera Roost | 2 | |
| Ancient Protector | 2 | |
| Arcane Vault | 1 | |
| Town Hall | 1 | |
| Workshop | 1 | |
| Cannon Tower | 1 | |
| Guard Tower | 2 | |
| Scout Tower | 4 | |
| Castle | 1 | |
40 total
» build order
00:05 Altar of Kings
00:13 Altar of Elders
00:19 Farm
00:56 Blacksmith
01:18 Farm
01:22 Barracks
02:00 Farm
02:11 Tree of Ages
02:15 Hunter's Hall
02:39 Moon Well
02:47 Farm
02:58 Lumber Mill
03:24 Farm
04:13 Farm
04:35 Ancient of Wind
04:45 Keep
04:48 Tree of Eternity
04:54 Farm
06:09 Moon Well
07:15 Chimaera Roost
07:18 Ancient Protector
08:19 Chimaera Roost
08:45 Moon Well
10:50 Arcane Vault
11:45 Town Hall
12:12 Workshop
13:24 Cannon Tower
13:48 Ancient Protector
15:46 Guard Tower
17:09 Scout Tower
17:09 Scout Tower
17:10 Scout Tower
17:10 Scout Tower
17:15 Castle
17:23 Farm
17:24 Farm
17:24 Farm
17:24 Farm
19:06 Guard Tower
» items
| Scroll of Town Portal | 1 | |
| Ivory Tower | 4 | |
| Scroll of Regeneration | 1 | |
6 total

»
cmurdaa (
red | 73 APM | 1533 actions | 20:56)
2 Demon Hunter
1 Evasion
1 Mana Burn
3 Mountain King
2 Storm Bolt
1 Bash
4 Paladin
2 Holy Light
2 Devotion Aura
» actions
| Assign group hotkey | 28 | |
| Basic commands | 2 | |
| Build / train | 81 | |
| Enter build submenu | 29 | |
| Enter hero's abilities submenu | 9 | |
| Remove unit from queue | 1 | |
| Right click | 494 | |
| Select / deselect | 329 | |
| Select group hotkey | 503 | |
| Use ability | 57 | |
1533 total
» units
| Peasant | 8 | |
| Wisp | 3 | |
| Footman | 5 | |
| Hippogryph | 6 | |
| Knight | 10 | |
| Druid of the Talon | 4 | |
| Sorceress | 7 | |
| Chimaera | 2 | |
| Priest | 3 | |
48 total
» upgrades
| Druid of the Talon Training | 2 | |
| Sorceress Training | 2 | |
| Reinforced Hides | 1 | |
| Mark of the Talon | 1 | |
| Plating | 3 | |
| Priest Training | 2 | |
| Animal War Training | 1 | |
| Swords | 1 | |
13 total
» buildings
| Keep | 1 | |
| Barracks | 2 | |
| Farm | 10 | |
| Altar of Kings | 1 | |
| Lumber Mill | 1 | |
| Moon Well | 3 | |
| Scout Tower | 2 | |
| Guard Tower | 1 | |
| Ancient of Wind | 1 | |
| Arcane Tower | 1 | |
| Castle | 1 | |
| Arcane Sanctum | 1 | |
| Arcane Vault | 1 | |
| Blacksmith | 1 | |
27 total
» build order
01:49 Keep
01:58 Barracks
02:03 Barracks
02:07 Farm
02:09 Altar of Kings
02:27 Lumber Mill
02:39 Moon Well
02:48 Farm
03:09 Farm
03:29 Scout Tower
03:57 Farm
04:00 Guard Tower
04:03 Scout Tower
04:54 Ancient of Wind
05:05 Arcane Tower
06:11 Castle
06:14 Arcane Sanctum
06:18 Arcane Vault
06:41 Moon Well
07:11 Blacksmith
07:14 Farm
09:04 Farm
09:22 Moon Well
11:11 Farm
11:12 Farm
11:55 Farm
12:31 Farm
» items
| Scroll of Regeneration | 1 | |
| Scroll of Town Portal | 1 | |
2 total
de_tactic (
orange | 55 APM | 1017 actions | 18:35)
5 Mountain King
3 Storm Bolt
2 Bash
» actions
| Assign group hotkey | 23 | |
| Build / train | 68 | |
| Enter build submenu | 16 | |
| Enter hero's abilities submenu | 5 | |
| Remove unit from queue | 7 | |
| Right click | 337 | |
| Select / deselect | 193 | |
| Select group hotkey | 314 | |
| Use ability | 54 | |
1017 total
» units
| Peasant | 23 | |
| Wisp | -1 | |
| Rifleman | 10 | |
| Footman | 1 | |
33 total
» upgrades
| Masonry | 2 | |
| Gunpowder | 2 | |
| Armor | 1 | |
| Lumber Harvesting | 1 | |
| Long Rifles | 1 | |
7 total
» buildings
| Moon Well | 1 | |
| Altar of Kings | 1 | |
| Farm | 9 | |
| Barracks | 2 | |
| Blacksmith | 1 | |
| Lumber Mill | 1 | |
| Arcane Vault | 1 | |
| Scout Tower | 4 | |
| Arcane Tower | 1 | |
| Guard Tower | 3 | |
| Keep | 1 | |
| Castle | 1 | |
| Tree of Life | 1 | |
27 total
» build order
00:19 Moon Well
01:27 Altar of Kings
01:37 Farm
01:42 Barracks
01:44 Barracks
01:54 Blacksmith
02:00 Farm
02:07 Lumber Mill
02:12 Arcane Vault
02:16 Farm
02:17 Farm
03:03 Farm
03:05 Farm
04:14 Farm
04:36 Farm
04:40 Farm
05:22 Scout Tower
05:24 Scout Tower
05:25 Scout Tower
05:26 Scout Tower
05:50 Arcane Tower
06:22 Guard Tower
06:48 Guard Tower
07:15 Guard Tower
10:24 Keep
12:46 Castle
18:03 Tree of Life
» items
| Lesser Clarity Potion | 2 | |
| Scroll of Regeneration | 2 | |
| Scroll of Town Portal | 2 | |
| Potion of Healing | 2 | |
| Potion of Mana | 1 | |
9 total
team 2 (winner)
BNE-SORTER (
teal | 73 APM | 1535 actions | 20:56)
4 Blademaster
2 Wind Walk
2 Critical Strike
» actions
| Assign group hotkey | 19 | |
| Basic commands | 58 | |
| Build / train | 58 | |
| Enter build submenu | 16 | |
| Enter hero's abilities submenu | 4 | |
| Give item / drop item | 1 | |
| Right click | 768 | |
| Select / deselect | 189 | |
| Select group hotkey | 373 | |
| Use ability | 49 | |
1535 total
» units
| Peon | 10 | |
| Grunt | 8 | |
| Tauren | 6 | |
| Shaman | 5 | |
| Troll Batrider | 5 | |
34 total
» upgrades
| Shaman Training | 2 | |
| Melee Weapons | 2 | |
| Armor | 2 | |
| Pulverize | 1 | |
7 total
» buildings
| Altar of Storms | 1 | |
| Orc Burrow | 7 | |
| Barracks | 1 | |
| Voodoo Lounge | 1 | |
| Stronghold | 1 | |
| Fortress | 1 | |
| War Mill | 1 | |
| Spirit Lodge | 1 | |
| Tauren Totem | 2 | |
| Beastiary | 1 | |
17 total
» build order
00:15 Altar of Storms
00:30 Orc Burrow
00:57 Barracks
02:13 Orc Burrow
02:23 Voodoo Lounge
03:45 Stronghold
04:29 Orc Burrow
06:26 Fortress
08:02 War Mill
08:07 Spirit Lodge
09:08 Orc Burrow
09:19 Tauren Totem
09:20 Tauren Totem
11:45 Orc Burrow
13:36 Orc Burrow
13:38 Orc Burrow
16:59 Beastiary
» items
| Healing Salve | 3 | |
| Lesser Clarity Potion | 2 | |
| Scroll of Speed | 1 | |
| Orb of Lightning | 1 | |
| Scroll of Town Portal | 2 | |
9 total
PLEASECARRYME (
yellow | 73 APM | 1531 actions | 20:56)
5 Priestess of the Moon
3 Trueshot Aura
1 Scout
1 Searing Arrows
5 Keeper of the Grove
3 Entangling Roots
2 Thorns Aura
» actions
| Assign group hotkey | 131 | |
| Basic commands | 8 | |
| Build / train | 79 | |
| ESC pressed | 2 | |
| Enter build submenu | 19 | |
| Enter hero's abilities submenu | 10 | |
| Give item / drop item | 4 | |
| Right click | 631 | |
| Select / deselect | 290 | |
| Select group hotkey | 310 | |
| Use ability | 47 | |
1531 total
» units
| Wisp | 17 | |
| Archer | 13 | |
| Hippogryph | 8 | |
| Druid of the Talon | 10 | |
48 total
» upgrades
| Improved Bows | 1 | |
| Hippogryph Taming | 1 | |
| Nature's Blessing | 1 | |
| Marksmanship | 1 | |
| Strength of the Moon | 3 | |
| Druid of the Talon Training | 2 | |
| Mark of the Talon | 1 | |
| Moon Armor | 2 | |
12 total
» buildings
| Altar of Elders | 1 | |
| Moon Well | 9 | |
| Ancient of War | 1 | |
| Tree of Ages | 1 | |
| Ancient of Wind | 2 | |
| Tree of Life | 2 | |
| Tree of Eternity | 1 | |
| Hunter's Hall | 1 | |
| Ancient of Wonders | 1 | |
19 total
» build order
00:17 Altar of Elders
00:32 Moon Well
01:16 Ancient of War
01:23 Moon Well
02:08 Tree of Ages
03:24 Moon Well
05:05 Ancient of Wind
05:07 Ancient of Wind
05:14 Moon Well
05:16 Moon Well
06:13 Tree of Life
08:01 Tree of Eternity
09:57 Moon Well
11:00 Moon Well
11:01 Hunter's Hall
11:51 Ancient of Wonders
11:58 Moon Well
13:44 Moon Well
16:23 Tree of Life
» items
| Potion of Healing | 3 | |
| Scroll of Speed | 1 | |
| Orb of Venom | 1 | |
5 total
ReggieMiller. (
pink | 35 APM | 737 actions | 20:56)
4 Dreadlord
2 Sleep
2 Vampiric Aura
4 Death Knight
2 Death Coil
2 Death Pact
» actions
| Build / train | 81 | |
| Enter build submenu | 20 | |
| Enter hero's abilities submenu | 8 | |
| Give item / drop item | 3 | |
| Right click | 303 | |
| Select / deselect | 253 | |
| Use ability | 69 | |
737 total
» units
| Acolyte | 7 | |
| Crypt Fiend | 17 | |
| Goblin Shredder | 3 | |
| Frost Wyrm | 10 | |
37 total
» upgrades
| Burrow | 1 | |
| Web | 1 | |
| Creature Attack | 3 | |
| Creature Carapace | 3 | |
| Freezing Breath | 1 | |
9 total
» buildings
| Graveyard | 1 | |
| Crypt | 1 | |
| Altar of Darkness | 1 | |
| Ziggurat | 8 | |
| Tomb of Relics | 1 | |
| Necropolis | 1 | |
| Halls of the Dead | 1 | |
| Spirit Tower | 4 | |
| Black Citadel | 1 | |
| Sacrificial Pit | 1 | |
| Boneyard | 4 | |
24 total
» build order
00:27 Graveyard
00:52 Crypt
00:57 Altar of Darkness
01:06 Ziggurat
01:19 Ziggurat
01:40 Tomb of Relics
04:56 Necropolis
06:09 Ziggurat
06:22 Halls of the Dead
06:48 Ziggurat
06:50 Ziggurat
06:55 Ziggurat
06:58 Ziggurat
08:16 Spirit Tower
08:17 Spirit Tower
09:38 Black Citadel
09:53 Sacrificial Pit
09:58 Ziggurat
12:06 Boneyard
12:17 Boneyard
12:20 Boneyard
12:23 Boneyard
19:47 Spirit Tower
19:48 Spirit Tower
» items
| Rod of Necromancy | 5 | |
| Scroll of Town Portal | 7 | |
| Scroll of Healing | 4 | |
| Potion of Healing | 1 | |
17 total
dontfukwme (
purple | 42 APM | 875 actions | 20:57)
2 Blood Mage
1 Flame Strike
1 Siphon Mana
» actions
| Basic commands | 6 | |
| Build / train | 61 | |
| Enter build submenu | 35 | |
| Enter hero's abilities submenu | 2 | |
| Remove unit from queue | 1 | |
| Right click | 416 | |
| Select / deselect | 296 | |
| Use ability | 58 | |
875 total
» units
| Peasant | 16 | |
| Goblin Shredder | 7 | |
| Siege Engine | 15 | |
| Goblin Zeppelin | 2 | |
40 total
» upgrades
| Gunpowder | 3 | |
| Armor | 1 | |
| Masonry | 1 | |
| Barrage | 1 | |
| Plating | 2 | |
8 total
» buildings
| Lumber Mill | 3 | |
| Farm | 13 | |
| Altar of Kings | 1 | |
| Blacksmith | 1 | |
| Scout Tower | 3 | |
| Arcane Tower | 1 | |
| Guard Tower | 2 | |
| Keep | 2 | |
| Castle | 1 | |
| Workshop | 10 | |
| Town Hall | 1 | |
38 total
» build order
00:38 Lumber Mill
00:57 Lumber Mill
01:01 Farm
01:14 Altar of Kings
01:24 Blacksmith
01:41 Farm
01:57 Farm
02:22 Farm
02:42 Scout Tower
02:44 Scout Tower
03:16 Arcane Tower
03:19 Guard Tower
03:55 Farm
04:14 Keep
04:29 Farm
05:01 Farm
05:17 Scout Tower
05:43 Farm
05:45 Guard Tower
06:42 Castle
06:44 Workshop
06:46 Workshop
07:14 Town Hall
09:37 Workshop
09:39 Workshop
10:13 Workshop
11:22 Workshop
11:24 Farm
12:07 Farm
12:31 Lumber Mill
12:40 Farm
12:53 Farm
14:14 Farm
16:36 Workshop
16:56 Workshop
17:00 Workshop
17:04 Workshop
» items
Chat log
(00:03 / Allies) PLEASECARRYME: rush
(00:27 / Allies) PLEASECARRYME: hero 3-4 units
(00:34 / Allies) ReggieMiller.: gold please
(00:49 / All) dontfukwme: i carry my husky i think i can carry these 3 faggots
(00:56 / Allies) PLEASECARRYME: purp i said rush and u build a mill firs
(00:57 / Allies) PLEASECARRYME: t
(01:09 / Allies) dontfukwme: mills bro
(01:10 / Allies) dontfukwme: mills
(01:14 / Allies) PLEASECARRYME: 2 mills
(01:18 / Allies) dontfukwme: doube wood
(01:36 / Allies) ReggieMiller.: you are a fuking retart purple
(01:39 / Allies) PLEASECARRYME: dumbass
(01:45 / Allies) dontfukwme: check my stats nigga\
(01:46 / Allies) BNE-SORTER: chillito
(01:47 / Allies) dontfukwme: 10-0
(01:56 / Allies) ReggieMiller.: how stupid are you
(02:10 / Allies) dontfukwme: mayne stuf
(02:11 / Allies) dontfukwme: stfu
(02:18 / Allies) dontfukwme: ill clear the expos
(02:36 / Allies) dontfukwme: me clear
(02:39 / Allies) dontfukwme: trees
(02:46 / Allies) PLEASECARRYME: gimme a reason not to leave
(02:51 / Allies) dontfukwme: im a gneius
(02:53 / Allies) dontfukwme: mensa iq
(02:56 / Allies) dontfukwme: believe me
(03:03 / Allies) PLEASECARRYME: i said rush u fuckign idiot
(03:09 / Allies) PLEASECARRYME: still no barrack
(03:10 / Allies) dontfukwme: we do mortar rush
(03:13 / Allies) dontfukwme: fast mort
(03:29 / Allies) dontfukwme: everybody tower n tech to tier 2
(03:31 / Allies) dontfukwme: and mass tier 2
(03:49 / Allies) PLEASECARRYME: u didnt even tech yet
(03:50 / Allies) PLEASECARRYME: fool
(04:00 / Allies) PLEASECARRYME: fast morts?
(04:03 / Allies) dontfukwme: im getting upgrades
(04:04 / Allies) PLEASECARRYME: dumb ass
(04:08 / Allies) dontfukwme: listen buddy
(04:11 / Allies) dontfukwme: im a math genius
(04:22 / Allies) dontfukwme: iv done the calculus
(04:28 / Allies) PLEASECARRYME: kill urself
(04:49 / Allies) dontfukwme: this kinda negativity
(04:50 / Allies) BNE-SORTER: i like purp play style
(04:55 / Allies) dontfukwme: feggot level over 9000
(05:02 / Allies) dontfukwme: yup
(05:03 / Allies) PLEASECARRYME: my tech done alrdy with units u fool
(05:08 / Allies) dontfukwme: iv played with u before teal right
(05:14 / Allies) dontfukwme: your the guy who makes 7-8 k
(05:14 / Allies) BNE-SORTER: yes
(05:24 / Allies) BNE-SORTER: wat
(05:32 / Allies) dontfukwme: wat business were u in again
(05:34 / Allies) dontfukwme: ur 25 right
(05:42 / Allies) BNE-SORTER: im from china
(05:53 / Allies) dontfukwme: ur engaged to a chinese lady
(05:57 / Allies) dontfukwme: purebreed or mutt?
(06:06 / Allies) BNE-SORTER: incest
(06:11 / Allies) BNE-SORTER: breed
(06:29 / Allies) dontfukwme: if u have autistic kids will u throw them off a cliff like lion king
(06:38 / Allies) BNE-SORTER: no y
(06:48 / Allies) BNE-SORTER: whats wrong with them
(07:02 / Allies) dontfukwme: rather spend the money on hookers n blow
(07:05 / Allies) dontfukwme: mah nigga
(07:08 / Allies) BNE-SORTER: 3
(07:09 / Allies) BNE-SORTER: s
(07:10 / Allies) BNE-SORTER: stay bak
(07:11 / Allies) BNE-SORTER: foool
(07:16 / Allies) PLEASECARRYME: they got nothing
(07:16 / Allies) PLEASECARRYME: idiot
(07:30 / Allies) dontfukwme: wod pls
(07:38 / Allies) dontfukwme: yellow feed me
(07:53 / Allies) PLEASECARRYME: b
(08:19 / Allies) PLEASECARRYME: u blind
(08:20 / Allies) PLEASECARRYME: pink
(08:20 / Allies) dontfukwme: WOOD
(08:21 / Allies) dontfukwme: WOOOD
(08:24 / Allies) dontfukwme: WOOD FOR SHREDDER
(08:27 / Allies) dontfukwme: OR I LOSE MY HERO
(08:28 / Allies) dontfukwme: HELP
(09:07 / Allies) dontfukwme: SHIZZLE
(09:09 / Allies) dontfukwme: MAH HISSZLE
(09:15 / Allies) dontfukwme: EVERYBODY DANSE NOW
(09:16 / Allies) BNE-SORTER: FOR NIZZLE MY NIGGA
(09:33 / Allies) PLEASECARRYME: b
(09:33 / Allies) PLEASECARRYME: b
(09:34 / Allies) PLEASECARRYME: b
(09:34 / Allies) PLEASECARRYME: b
(09:53 / Allies) dontfukwme: WOOD PLS
(09:54 / Allies) dontfukwme: HURRY
(10:00 / Allies) PLEASECARRYME: pink spider in my base
(10:34 / Allies) dontfukwme: UR MAKING ME HAVE A SEQIZUERE WITH UR PINKING
(10:50 / Allies) dontfukwme: dont make me tk u for lak of fengshui
(10:52 / Allies) PLEASECARRYME: b
(11:10 / Allies) dontfukwme: HALP
(11:26 / Allies) dontfukwme: GUYS WHERE R U
(11:31 / Allies) dontfukwme: why am i only person attacking
(11:37 / Allies) dontfukwme: are u all neutured or something
(11:40 / Allies) dontfukwme: wheres ur balls???
(11:52 / Allies) dontfukwme: attack dammit
(11:53 / Allies) dontfukwme: watf
(12:46 / Allies) BNE-SORTER: pur
(12:47 / Allies) BNE-SORTER: gold
(13:51 / Allies) PLEASECARRYME: gogo
(13:53 / Allies) PLEASECARRYME: teal
(13:55 / Allies) BNE-SORTER: fk off
(14:08 / Allies) PLEASECARRYME: idiot
(14:08 / Allies) PLEASECARRYME: gj
(14:30 / Allies) dontfukwme: bomb squad
(14:33 / Allies) dontfukwme: on the move
(15:07 / Allies) dontfukwme: gold pls
(15:21 / Allies) BNE-SORTER: atk sseperate bases
(15:23 / Allies) BNE-SORTER: u fuck heads
(15:26 / Allies) BNE-SORTER: let purp do his job
(15:31 / Allies) dontfukwme: thank you
(15:37 / Allies) dontfukwme: somebody with breains
(16:25 / Allies) dontfukwme: gold pls
(18:30 / Allies) dontfukwme: YEE HAW
(18:34 / Allies) dontfukwme: TANKS AHOY NIGGAS
(18:45 / Allies) BNE-SORTER: good job purp
(18:47 / Allies) BNE-SORTER: love ur playstyle
(18:48 / Allies) dontfukwme: THANKS
(18:54 / Allies) dontfukwme: save the replay yellow
(19:00 / Allies) dontfukwme: meditate over wisdom
(19:04 / Allies) PLEASECARRYME: ok
(19:06 / Allies) PLEASECARRYME: ill save it
(19:23 / Allies) dontfukwme: lol
(19:26 / Allies) dontfukwme: got him there too
(19:50 / Allies) BNE-SORTER: drop dem archers
(19:51 / Allies) BNE-SORTER: and fight
(19:55 / Allies) PLEASECARRYME: kys
(20:00 / Allies) BNE-SORTER: fkn noob
(20:01 / Allies) BNE-SORTER: so bad
(20:18 / Allies) PLEASECARRYME: did u not see who killed u lmfao
(20:23 / Allies) BNE-SORTER: we won cuz of purp
(20:30 / All) BNE-SORTER: fuck this
(20:32 / Allies) dontfukwme: true
(20:32 / All) BNE-SORTER: backstabbing yellow
(20:36 / Allies) dontfukwme: protest
(20:39 / Allies) BNE-SORTER: purp
(20:40 / Allies) BNE-SORTER: send ur tanks
(20:41 / Allies) BNE-SORTER: to yellow
(20:43 / Allies) BNE-SORTER: fuck him up
(20:49 / Allies) PLEASECARRYME: i alrdy fucked u up doe
(20:54 / Allies) BNE-SORTER: fkn faggot
(20:56 / Allies) BNE-SORTER: killed my hero